 Dungeon Crawl Stone Soup version 0.29-a0-82-g837932c90e (webtiles) character file.

Game seed: 3900547896253670961

45 Woods the Insei (level 3, 0/28 HPs)
             Began as a Gnoll Transmuter on Feb 4, 2022.
             Splashed by a jelly's acid (8 damage)
             ... on level 3 of the Dungeon.
             The game lasted 00:01:52 (2068 turns).

Woods the Insei (Gnoll Transmuter)                  Turns: 2068, Time: 00:01:54

Health: 0/28       AC:  0    Str:  9    XL:     3   Next: 64%
Magic:  8/9        EV: 13    Int: 14    God:
Gold:   81         SH:  0    Dex: 12    Spells: 6/12 levels left

rFire   . . .      SeeInvis .     - Unarmed
rCold   . . .      Faith    .   (no shield)
rNeg    . . .      Spirit   .   a - +0 robe
rPois   .          Reflect  .   (helmet currently unavailable)
rElec   .          Harm     .   g - +0 cloak
rCorr   .          Rampage  .   (no gloves)
Will    .....                   (boots currently unavailable)
Stlth   +.........              (no amulet)
HPRegen 0.09/turn               (no ring)
MPRegen 0.11/turn               (no ring)

@: appendages (expiring), corroded
A: horns 2, talons 2, fangs 1, strong nose, distributed training
a: End Transformation


You were on level 3 of the Dungeon.
You had temporarily grown beastly horns and talons.
You visited 1 branch of the dungeon, and saw 3 of its levels.

You collected 81 gold pieces.

Inventory:

Armour
 a - a +0 robe (worn)
 g - a +0 cloak (worn)
Scrolls
 d - a scroll of fog {unknown}
 e - 3 scrolls of teleportation {unknown}
 f - a scroll of torment {unknown}
 h - a scroll of amnesia {unknown}
Potions
 b - 3 potions of flight {unknown}
 c - a potion of lignification {unknown}
 i - a potion of brilliance {unknown}


   Skills:
 + Level 2.6 Fighting
 + Level 0.9 Short Blades
 + Level 0.9 Long Blades
 + Level 0.9 Axes
 + Level 0.9 Maces & Flails
 + Level 0.9 Polearms
 + Level 0.9 Staves
 + Level 0.9 Slings
 + Level 0.9 Bows
 + Level 0.9 Crossbows
 + Level 0.9 Throwing
 + Level 0.9 Armour
 + Level 4.5 Dodging
 + Level 0.9 Stealth
 + Level 0.9 Shields
 + Level 6.5 Unarmed Combat
 + Level 5.0 Spellcasting
 + Level 0.6 Conjurations
 + Level 0.6 Hexes
 + Level 0.6 Summonings
 + Level 0.6 Necromancy
 + Level 0.6 Translocations
 + Level 3.8 Transmutations
 + Level 0.6 Fire Magic
 + Level 0.6 Ice Magic
 + Level 0.6 Air Magic
 + Level 0.6 Earth Magic
 + Level 0.6 Poison Magic
 + Level 1.0 Invocations
 + Level 0.9 Evocations


You had 6 spell levels left.
You knew the following spells:

 Your Spells              Type           Power      Damage    Failure   Level
a - Beastly Appendage     Tmut           28%        N/A       3%          1
b - Wereblood             Tmut           14%        N/A       5%          2
c - Spider Form           Tmut/Pois      9%         N/A       22%         3

Your spell library contained the following spells:

 Spells                   Type           Power      Damage    Failure   Level
 Shock                    Conj/Air       20%        1d4       14%         1
 Swiftness                Air            5%         N/A       38%         3
 Ice Form                 Ice/Tmut       9%         N/A       56%         4
 Airstrike                Air            2%         N/A       80%         4


Dungeon Overview and Level Annotations

Branches:
Dungeon (3/15)

Altars:
Ru

Shops:
D:1 [


Innate Abilities, Weirdness & Mutations

You have temporarily grown beastly horns and talons.
You have very sharp teeth.
Your uncanny sense of smell can sniff out nearby items.
Your experience applies equally to all skills.


Message History

A frilled lizard is nearby!
A frilled lizard is nearby!
The frilled lizard hisses angrily.
You miss the frilled lizard. You punch the frilled lizard.
You kill the frilled lizard!
No target in view!
i - a sapphire potion You hear a distant slurping noise.
As you open the door, it creaks loudly!
Found a stone staircase leading down.
There is an open door here.
A jelly comes into view.
A jelly is nearby!
A jelly is nearby!
Casting: Beastly Appendage (safe; 3% risk of failure)
Confirm with . or Enter, or press ? or * to list all spells.
You grow a pair of large bovine horns.
Your feet morph into talons.
The jelly quivers.
The jelly barely misses you.
You hit the jelly.
Your hands burn!
You claw the jelly.
The jelly is moderately wounded.
The jelly hits you but does no damage.
You hit the jelly.
Your hands burn!
You claw the jelly.
The jelly is moderately wounded.
The jelly jiggles.
The jelly barely misses you.
You hit the jelly.
Your hands burn!
The jelly is heavily wounded.
The jelly hits you but does no damage.
You hit the jelly but do no damage.
Your hands burn!
You bite the jelly, but do no damage.
The jelly is heavily wounded.
The jelly barely misses you.
You punch the jelly! The acid corrodes you!
Your hands burn!
The jelly is severely wounded.
Your transformation is almost over.
The jelly hits you.
* * * LOW HITPOINT WARNING * * *
You are splashed with acid!
You die...

####.....#.# #.#
#.###.#.# #<#
####.......# ###
#.....##.###########
#........#.........#
#.....####.........#
####'###
#.........###..
#.^..###>.............
#......#......@J.#
#....#.#.....#####
#....#.#####'##
#....#........#
#....##.......#
#....##.......#
#....##.......#
#....##.......#
#....##.......#


You could see a jelly.

Vanquished Creatures
  A worm (D:2)
  A dart slug (D:1)
  An orc (D:3)
  A bat (D:1)
  4 endoplasms
  8 goblins
  3 hobgoblins (D:1)
  4 kobolds
  2 quokkas (D:1)
  2 ball pythons
  4 frilled lizards
  4 rats
35 creatures vanquished.

Notes
Turn   | Place    | Note
-------+----------+-------------------------------------------
     0 | D:1      | Woods the Gnoll Transmuter began the quest for the Orb.
     0 | D:1      | Reached XP level 1. HP: 17/17 MP: 6/6
    85 | D:1      | Reached XP level 2. HP: 23/23 MP: 5/7
   252 | D:1      | Found a faded altar of an unknown god.
   629 | D:1      | Reached XP level 3. HP: 28/28 MP: 7/9
   700 | D:1      | Reached skill level 5 in Spellcasting
   742 | D:1      | Found Jasteone's Antique Armour Boutique.
   934 | D:2      | Learned a level 2 spell: Wereblood
   938 | D:2      | Learned a level 3 spell: Spider Form
   985 | D:2      | Identified the +5 trident "Wilic" {pain, Stlth+}
  1003 | D:2      | Reached skill level 1 in Invocations
  1278 | D:2      | Found a sacrificial altar of Ru.
  2068 | D:3      | Splashed by a jelly's acid

Illustrated notes

Levels and vault maps discovered:
D:1:      dpeg_arrival_stonehenge_8_columns, layout_basic,
          hellmonk_ecumenical_altar_heavens_door, serial_shops,
          nicolae_shop_temple_entry_statues_fountains,
          amcnicky_mini_corridor_feature
D:2:      layout_basic, basic_altar
D:3:      layout_basic

Skill      XL: |  1  2  3 |
---------------+----------+-----
Spellcasting   | 5 |  5.0
Invocations    | 1 |  1.0
Fighting       | |  2.6
Short Blades   | |  0.9
Long Blades    | |  0.9
Axes           | |  0.9
Maces & Flails | |  0.9
Polearms       | |  0.9
Staves         | |  0.9
Slings         | |  0.9
Bows           | |  0.9
Crossbows      | |  0.9
Throwing       | |  0.9
Armour         | |  0.9
Dodging        | |  4.5
Stealth        | |  0.9
Shields        | |  0.9
Unarmed Combat | |  6.5
Conjurations   | |  0.6
Hexes          | |  0.6
Summonings     | |  0.6
Necromancy     | |  0.6
Translocations | |  0.6
Transmutations | |  3.8
Fire Magic     | |  0.6
Ice Magic      | |  0.6
Air Magic      | |  0.6
Earth Magic    | |  0.6
Poison Magic   | |  0.6
Evocations     | |  0.9

Action                   || total
-------------------------++-------
Melee: Unarmed           ||    79
       Headbutt          ||     9
       Bite              ||     9
       Punch             ||     3
       Kick              ||     7
 Cast: Beastly Appendage ||    25
Armor: Robe              ||     8
Dodge: Dodged            ||    37

Table legend: (Time is in decaauts)
 A = Elapsed time spent in this place.
 B = Non-inter-level travel time spent in this place.
 C = Inter-level travel time spent in this place.
 D = Time resting spent in this place.
 E = Time spent auto-exploring this place.
 F = Levels seen in this place.
 G = Mean time per level.
                   A        B        C        D        E       F      G
               +--------+--------+--------+--------+--------+-----+--------+
         Total |   2058 |   2011 |     47 |    240 |   1489 |   3 |  686.0 |
       Dungeon |   2058 |   2011 |     47 |    240 |   1489 |   3 |  686.0 |
               +--------+--------+--------+--------+--------+-----+--------+

Top non-repeatable levels by time:
     D:1: 890 daAuts
     D:2: 776 daAuts
     D:3: 391 daAuts
